 Dungeon Crawl Stone Soup version 0.31-a0-845-g9abc20d24f (webtiles) character file.

Game seed: 5471195504112087380

9384 Nattfarinn the Protected (level 11, -2/79 HPs)
             Began as a Djinni Venom Mage on Oct 2, 2023.
             Was a High Priest of Okawaru.
             Slain by a wolf (6 damage)
             ... on level 1 of the Lair of Beasts.
             The game lasted 00:29:16 (11771 turns).

Nattfarinn the Protected (Djinni Venom Mage)       Turns: 11771, Time: 00:29:16

Health: -2/79      AC: 12    Str: 11    XL:     11   Next: 73%
Gold:   725        EV: 16    Int: 23    God:    Okawaru [*****.] SH:  0 Dex: 20

rFire   + + .        u - +6 spear (elec)
rCold   x . .        (no shield)
rNeg    . . .        B - +1 steam dragon scales
rPois   ∞            (no helmet)
rElec   .            j - +0 cloak
rCorr   .            s - +2 pair of gloves
SInv    .            (boots unavailable)
Will    +....        (no amulet)
Stlth   ++           G - +6 ring of intelligence
HPRegen 0.33/turn    y - +6 ring of dexterity
MPRegen 0.00/turn

%: infuse magic (-3 HP)
@: radiating poison, flying, very slightly contaminated
A: sickness immunity, fire resistance 2, cold vulnerability 1, float, innate
caster, HP casting, extra vitality 1
a: Renounce Religion, Heroism, Finesse, Duel


You were on level 1 of the Lair of Beasts.
You worshipped Okawaru.
Okawaru was extremely pleased with you.
You visited 3 branches of the dungeon, and saw 13 of its levels.
You also visited: Sewer and Bailey.

You collected 725 gold pieces.

Inventory:

Hand Weapons
 u - a +6 spear of electrocution (weapon)
 I - a +7 orcbow
Missiles
 v - a throwing net
Armour
 g - a +0 buckler
 j - a +0 cloak (worn)
 s - a +2 pair of gloves (worn)
 B - +1 steam dragon scales (worn)
Jewellery
 y - a +6 ring of dexterity (right hand)
 G - a +6 ring of intelligence (left hand)
Wands
 d - a wand of paralysis (6)
 r - a wand of acid (23)
 C - a wand of flame (7)
 F - a wand of digging (3)
Scrolls
 b - 3 scrolls of fog
 e - 4 scrolls of fear
 f - 2 scrolls of revelation
 k - 7 scrolls of teleportation
 q - 2 scrolls of amnesia
Potions
 c - 4 potions of lignification
 i - 4 potions of attraction
 l - 7 potions of magic
 m - 3 potions of heal wounds {unknown}
 n - 4 potions of haste {unknown}
 p - 4 potions of brilliance {unknown}
 t - a potion of berserk rage {unknown}
 w - a potion of resistance {unknown}
 x - 2 potions of curing {unknown}
 z - a potion of enlightenment {unknown}
 A - a potion of might {unknown}
 D - 2 potions of cancellation {unknown}
 E - a potion of mutation {unknown}
 H - a potion of invisibility {unknown}
Miscellaneous
 o - a condenser vane (inert)


   Skills:
 - Level 7.6 Fighting
 + Level 4.9 Ranged Weapons
 - Level 8.5 Armour
 - Level 7.0 Dodging
 - Level 1.5 Stealth
 - Level 7.1 Spellcasting
 - Level 7.1 Conjurations
 - Level 7.1 Hexes
 - Level 7.1 Summonings
 - Level 7.1 Necromancy
 - Level 7.1 Translocations
 - Level 7.1 Transmutations
 - Level 7.1 Fire Magic
 - Level 7.1 Ice Magic
 - Level 7.1 Air Magic
 - Level 7.1 Earth Magic
 - Level 7.1 Poison Magic
 - Level 5.3 Invocations


You knew the following spells:

 Your Spells              Type           Power      Damage    Failure   Level
a - Sting                 Tmut/Pois      100%       1d8       1%          1
b - Poisonous Vapours     Pois/Air       82%        N/A       1%          2
c - Mephitic Cloud        Conj/Pois/Air  41%        N/A       1%          3
d - Olgreb's Toxic Radia  Pois           41%        N/A       4%          4
e - Slow                  Hex            100%       N/A       1%          1
f - Passwall              Tmut/Erth      34%        N/A       1%          2
g - Gell's Gravitas       Tloc           41%        N/A       1%          3
h - Airstrike             Air            20%        2d(3-19)  4%          4
i - Fulminant Prism       Conj/Hex       20%        3d12      4%          4
Your spell library was empty.

Dungeon Overview and Level Annotations

Branches:
Dungeon (11/15)            Temple (1/1) D:6            Lair (1/5) D:8
  Sewer (visited)          Bailey (visited)
    Orc: D:9-12

Altars:
Ashenzari
Cheibriados
Dithmenos
Elyvilon
Fedhas
Gozag
Hepliaklqana
Makhleb
Nemelex Xobeh
Okawaru
Ru
Trog
Uskayaw
Wu Jian
Xom
Yredelemnul
Zin

Shops:
D:4 =   D:5 =

Annotations:
D:5 2 transporters


Innate Abilities, Weirdness & Mutations

You are immune to sickness and miasma.
You are immune to poison.
Your flesh is very heat resistant. (rF++)
You are vulnerable to cold. (rC-)
You float through the air rather than walking.
You learn spells naturally, not from books.
Your magical power is your life essence.
You have superior vitality. (+4 MHP)


Message History

The wolf is poisoned.
The wolf howls!
The wolf is poisoned.
You miscast Airstrike.
You are very lightly contaminated with residual magic.
Nothing appears to happen.
The wolf looks even sicker. x3
The komodo dragon bites you.
The air twists around and strikes the wolf!
The wolf is almost dead.
The wolf looks even sicker. x2; The wolf closely misses you.
The wolf bites you but does no damage. The komodo dragon bites you!
Unknown command.
Casting: Airstrike (dangerous; 4% risk of failure)
Confirm with . or Enter, or press ? or * to list all spells.
Your toxic radiance grows in intensity.
The wolf looks even sicker.
The komodo dragon looks even sicker.
You kill the wolf!
Okawaru accepts your kill.
You can now enter into single combat with a foe.
Okawaru will now gift you throwing weapons as you gain piety.
The wolf looks even sicker.
The wolf bites you! The wolf misses you. The wolf closely misses you.
The wolf bites you but does no damage. The komodo dragon bites you!!
* * * LOW HITPOINT WARNING * * *
Unknown command.
As you read the scroll of fear, it crumbles to dust.
You assume a fearsome visage.
The komodo dragon easily resists.
The wolf looks frightened! x3
Your attack snaps the wolf out of its fear.
The wolf looks as sick as possible!
Your attack snaps the wolf out of its fear.
The wolf looks as sick as possible!
Your attack snaps the wolf out of its fear.
The wolf bites you.
* * * LOW HITPOINT WARNING * * *
The wolf bites you!
* * * LOW HITPOINT WARNING * * *
The wolf bites you but does no damage. The wolf barely misses you.
The wolf bites you.
You die...

..#....###...
#............
#............
#^.........:.
##............
##.............
...~~..hh......
~~≈~~.h@.......
~≈≈≈≈~~.l...##.
≈~≈≈≈~~....##
~~.~~≈~~...#
≈.>.~≈~......
≈~~.~~~.......
≈≈~≈~~~~....##.
≈≈≈≈~~~....##


You could see a komodo dragon (very poisoned) and 3 wolves.

Vanquished Creatures
  An ogre mage (D:10)
  A centaur warrior (D:10)
  An orc knight (Bailey)
  A wolf spider (D:10)
  A deep elf pyromancer (Bailey)
  Maurice (D:8)
  Maggie (D:8)
  An ice devil (D:9)
  A meliai (shapeshifter) (D:10)
  2 red devils (D:9)
  Prince Ribbit (D:5)
  A troll (D:10)
  Sigmund (D:4)
  A shadow (D:9)
  A steam dragon (D:8)
  Edmund (D:4)
  An acid dragon (D:9)
  2 black bears
  An ice beast (D:7)
  2 sky beasts
  8 orc warriors
  A wolf (Lair:1)
  2 ogres
  7 centaurs
  A phantom (D:4)
  2 kobold brigands
  4 bullfrogs
  A gnoll sergeant (D:5)
  2 scorpions
  9 wights
  3 killer bees (D:9)
  3 quasits (D:9)
  3 hounds
  5 orc priests
  A gnoll bouda (D:7)
  Ijyb (D:5)
  2 iguanas
  A sleepcap (D:6)
  Natasha (thrice) (D:2)
  11 orc wizards
  21 gnolls
  10 adders
  A shadow imp (D:8)
  3 ufetubi (D:6)
  2 worms
  3 dart slugs
  30 orcs
  15 ball pythons
  10 bats
  9 endoplasms
  2 giant cockroaches
  4 hobgoblins
  2 jackals (D:1)
  27 kobolds
  3 quokkas
  6 frilled lizards
  12 goblins
  8 rats
261 creatures vanquished.

Notes
Turn   | Place    | Note
-------+----------+-------------------------------------------
     0 | D:1      | Nattfarinn the Djinni Venom Mage began the quest for the
                  | Orb.
     0 | D:1      | Nattfarinn set off with the following spells memorised:
                  | Sting, Poisonous Vapours, Mephitic Cloud, Olgreb's Toxic
                  | Radiance.
     0 | D:1      | Reached XP level 1. HP: 15/15 MP: 0/0
   118 | D:1      | Reached XP level 2. HP: 4/21 MP: 0/0
   455 | D:1      | Reached XP level 3. HP: 24/25 MP: 0/0
   455 | D:1      | Learned a level 1 spell: Slow
   816 | D:2      | Noticed Natasha
   982 | D:2      | Killed Natasha
   983 | D:2      | Reached XP level 4. HP: 22/31 MP: 0/0
  1042 | D:2      | Noticed Natasha
  1050 | D:2      | Killed Natasha
  1163 | D:2      | Reached XP level 5. HP: 25/35 MP: 0/0
  1163 | D:2      | Learned a level 2 spell: Passwall
  1512 | D:2      | Found a faded altar of an unknown god.
  1594 | D:2      | Noticed Natasha
  1602 | D:2      | Killed Natasha
  1901 | D:3      | Reached skill level 5 in Spellcasting
  1901 | D:3      | Reached skill level 5 in Conjurations
  1901 | D:3      | Reached skill level 5 in Hexes
  1901 | D:3      | Reached skill level 5 in Summonings
  1901 | D:3      | Reached skill level 5 in Necromancy
  1901 | D:3      | Reached skill level 5 in Translocations
  1901 | D:3      | Reached skill level 5 in Transmutations
  1901 | D:3      | Reached skill level 5 in Fire Magic
  1901 | D:3      | Reached skill level 5 in Ice Magic
  1901 | D:3      | Reached skill level 5 in Air Magic
  1901 | D:3      | Reached skill level 5 in Earth Magic
  1901 | D:3      | Reached skill level 5 in Poison Magic
  1913 | D:3      | Found a sacrificial altar of Ru.
  1921 | D:3      | Reached XP level 6. HP: 18/40 MP: 0/0
  2028 | D:3      | Found a glowing drain.
  2041 | Sewer    | Entered a sewer
  2615 | D:3      | Reached XP level 7. HP: 38/45 MP: 0/0
  2615 | D:3      | Learned a level 3 spell: Gell's Gravitas
  2999 | D:4      | Found Doshaq's Jewellery Boutique.
  3004 | D:4      | Noticed Sigmund
  3021 | D:4      | Killed Sigmund
  3342 | D:4      | Reached XP level 8. HP: 40/50 MP: 0/0
  3420 | D:4      | Noticed Edmund
  3434 | D:4      | Killed Edmund
  3908 | D:4      | Found a basalt altar of Yredelemnul.
  3972 | D:4      | Found a bloodstained altar of Trog.
  4096 | D:4      | Reached skill level 1 in Fighting
  4269 | D:4      | Found a white marble altar of Elyvilon.
  4332 | D:5      | Entered Level 5 of the Dungeon
  4334 | D:5      | Noticed Prince Ribbit
  4344 | D:5      | Killed Prince Ribbit
  4538 | D:5      | Noticed Ijyb
  4546 | D:5      | Killed Ijyb
  4649 | D:5      | Reached skill level 5 in Fighting
  4706 | D:5      | Found a transporter.
  4710 | D:5      | Found a transporter.
  4736 | D:5      | Noticed an ancient zyme
  4741 | D:5      | Reached XP level 9. HP: 60/65 MP: 0/0
  4741 | D:5      | Learned a level 4 spell: Airstrike
  5092 | D:5      | Found Ucantasu's Jewellery Shop.
  5435 | D:6      | Found a staircase to the Ecumenical Temple.
  5444 | Temple   | Entered the Ecumenical Temple
  5479 | Temple   | Became a worshipper of Warmaster Okawaru
  5524 | D:6      | Found a hide-covered altar of Uskayaw.
  6039 | D:7      | Found an opulent altar of Gozag.
  6099 | D:7      | Reached skill level 1 in Armour
  6313 | D:7      | Reached skill level 2 in Armour
  6313 | D:7      | Reached * piety under Okawaru
  6564 | D:7      | Reached skill level 3 in Armour
  6767 | D:7      | Reached skill level 4 in Armour
  6774 | D:7      | Reached XP level 10. HP: 21/75 MP: 0/0
  7591 | D:8      | Reached skill level 5 in Armour
  7667 | D:8      | Reached skill level 5 in Dodging
  7674 | D:8      | Reached ** piety under Okawaru
  7674 | D:8      | Noticed Maurice
  7675 | D:8      | Reached skill level 6 in Armour
  7880 | D:8      | Killed Maurice
  8049 | D:8      | Noticed Maggie
  8056 | D:8      | Killed Maggie
  8057 | D:8      | Reached skill level 7 in Armour
  8415 | D:8      | Found a staircase to the Lair.
  9541 | D:9      | Reached skill level 8 in Armour
  9704 | D:9      | You are sucked into a shaft and drop 2 floors!
  9818 | D:10     | Entered Level 10 of the Dungeon
  9837 | D:10     | Reached *** piety under Okawaru
 10011 | D:10     | Reached XP level 11. HP: 61/79 MP: 0/0
 10011 | D:10     | Learned a level 4 spell: Fulminant Prism
 10013 | D:10     | Found a flagged portal.
 10073 | Bailey   | Entered a bailey
 10122 | Bailey   | Reached skill level 1 in Invocations
 10248 | Bailey   | Found a large runed translucent door.
 10248 | Bailey   | Found a large runed translucent door.
 10249 | Bailey   | Noticed a deep elf pyromancer
 10250 | Bailey   | Noticed an orc knight
 10280 | Bailey   | Killed an orc knight
 10820 | Bailey   | Killed a deep elf pyromancer
 10820 | Bailey   | Reached **** piety under Okawaru
 10821 | Bailey   | Reached skill level 5 in Invocations
 10982 | D:10     | Noticed a boulder beetle
 10982 | D:10     | Noticed an ogre mage
 10983 | D:10     | Noticed a tengu warrior
 10984 | D:10     | Noticed a centaur warrior
 10984 | D:10     | Noticed a wolf spider
 10987 | D:10     | Killed an ogre mage
 10991 | D:10     | Killed a wolf spider
 11007 | D:10     | Killed a centaur warrior
 11008 | D:10     | Noticed a tengu warrior
 11766 | Lair:1   | Entered Level 1 of the Lair of Beasts
 11770 | Lair:1   | Reached ***** piety under Okawaru
 11771 | Lair:1   | Slain by a wolf

Illustrated notes

Levels and vault maps discovered:
D:1:      dpeg_arrival_castle, layout_rooms, minmay_vboxes
D:2:      layout_loops_ring, hellmonk_ecumenical_altar_leap_of_faith,
          minmay_indecisive_spiral, uniq_natasha
D:3:      minmay_recursive_quarters, layout_rooms,
          mainiacjoe_overflow_cross_hatched, cheibrodos_sewer_entry_bend
D:4:      layout_layer_cave, kennysheep_ying_yang, lemuel_doored_altar,
          minmay_misc_feat_pillars, minmay_statues_item,
          minmay_shop_enchanted_jewellery, uniq_sigmund, uniq_edmund
D:5:      layout_cave_pools, nicolae_sif_muna_little_library,
          gammafunk_ghost_abyssal_escape, serial_shops,
          nicolae_shop_just_a_little_nook, minmay_checkerbox, uniq_ijyb,
          uniq_prince_ribbit1
D:6:      layout_loops_cross, kennysheep_little_box, minmay_temple_entry_mist
D:7:      layout_cave_pods, mainiacjoe_overflow_small_starburst
D:8:      layout_rooms, dpeg_oklobed_lair, kennysheep_generic_room_8,
          uniq_maurice, uniq_maggie
D:9:      layout_basic, serial_demonic, serial_demonic_c, serial_demonic_b,
          serial_demonic_c, serial_demonic_e
D:10:     layout_loops_ring, nicolae_vehumet_altar_sigil,
          mainiacjoe_overflow_catch_the_wave, enter_bailey_3, minivault_28,
          uniq_urug
D:11:     layout_basic, serial_shops, shop, gammafunk_ghost_arena
Temple:   nicolae_temple_bog_church
Lair:1:   layout_gridlike, kennysheep_abandoned_house, grunt_megastairs_3,
          infiniplex_staircase_pool_2

Skill      XL: |  1  2  3  4  5  6  7  8  9 10 11 |
---------------+----------------------------------+-----
Spellcasting   | 4 5 6 7 |  7.1
Conjurations   | 4 5 6 7 |  7.1
Hexes          | 4 5 6 7 |  7.1
Summonings     | 4 5 6 7 |  7.1
Necromancy     | 4 5 6 7 |  7.1
Translocations | 4 5 6 7 |  7.1
Transmutations | 4 5 6 7 |  7.1
Fire Magic     | 4 5 6 7 |  7.1
Ice Magic      | 4 5 6 7 |  7.1
Air Magic      | 4 5 6 7 |  7.1
Earth Magic    | 4 5 6 7 |  7.1
Poison Magic   | 4 5 6 7 |  7.1
Fighting       | 5 7 |  7.6
Armour         | 4 8 |  8.5
Dodging        | 4 6 7 |  7.0
Invocations    | 5 |  5.3
Ranged Weapons | 4 |  4.9
Stealth        | |  1.5

Action                     |  1- 3 |  4- 6 |  7- 9 | 10-12 || total
---------------------------+-------+-------+-------+-------++-------
  Melee: Unarmed           |     2 |     1 |     5 |       ||     8
         Spear             |       |       |     2 |    14 ||    16
   Cast: Sting             |    74 |    92 |   130 |       ||   296
         Poisonous Vapours |     3 |       |    16 |       ||    19
         Mephitic Cloud    |     1 |       |    10 |     1 ||    12
         Olgreb's Toxic Ra |       |     7 |    17 |    27 ||    51
         Airstrike         |       |       |    14 |   110 ||   124
  Evoke: Wand              |       |       |     4 |       ||     4
         Condenser vane    |       |       |       |     1 ||     1
    Use: Scroll            |       |       |    11 |     9 ||    20
   Stab: Distracted        |       |       |       |     1 ||     1
 Armour: Robe              |    33 |    32 |    46 |     9 ||   120
         Steam dragon scal |       |       |       |    40 ||    40
  Dodge: Dodged            |    42 |    31 |    32 |    41 ||   146

Table legend: (Time is in decaauts)
 A = Elapsed time spent in this place.
 B = Non-inter-level travel time spent in this place.
 C = Inter-level travel time spent in this place.
 D = Time resting spent in this place.
 E = Time spent auto-exploring this place.
 F = Levels seen in this place.
 G = Mean time per level.
                   A        B        C        D        E       F      G
               +--------+--------+--------+--------+--------+-----+--------+
         Total |  11774 |  10962 |    812 |   2329 |   7206 |  15 |  784.9 |
       Dungeon |  10550 |   9781 |    769 |   1927 |   6690 |  11 |  959.1 |
        Temple |     53 |     11 |     42 |      0 |      9 |   1 |   53.0 |
          Lair |      4 |      4 |      0 |      0 |      0 |   1 |    4.0 |
         Sewer |    305 |    305 |      0 |      0 |    243 |   1 |  305.0 |
        Bailey |    860 |    860 |      0 |    402 |    264 |   1 |  860.0 |
               +--------+--------+--------+--------+--------+-----+--------+

Top non-repeatable levels by time:
     D:9: 1787 daAuts
     D:7: 1660 daAuts
     D:4: 1307 daAuts
     D:8: 984 daAuts
     D:3: 958 daAuts
     D:1: 924 daAuts
     D:5: 874 daAuts
  Bailey: 860 daAuts
     D:2: 839 daAuts
     D:6: 771 daAuts
    D:10: 329 daAuts
   Sewer: 305 daAuts
    D:11: 114 daAuts
  Temple: 53 daAuts
  Lair:1: 4 daAuts
